 Dungeon Crawl Stone Soup version 0.26-a0-667-g92642533e4 (webtiles) character file.

Game seed: 4825583963096708781

(classic levelgen) 121 EnegeticOcto the Cudgeler (level 5, 0/31 HPs)
             Began as a Gargoyle Air Elementalist on Oct 18, 2020.
             Slain by a gnoll
             ... wielding a +0 flail
              (9 damage)
             ... on level 4 of the Dungeon.
             The game lasted 00:04:28 (731 turns).

EnegeticOcto the Cudgeler (GrAE)                     Turns: 731, Time: 00:04:29

Health: 0/31       AC: 10    Str: 11    XL:     5   Next: 5%
Magic:  17/17      EV:  9    Int: 16    God:
Gold:   92         SH:  0    Dex: 11    Spells: 7/8 levels left

rFire    . . .     SeeInvis .   n - +0 quarterstaff
rCold    + . .     Faith    .   (shield currently unavailable)
rNeg     + . .     Spirit   .   i - +0 scale mail
rPois    ∞         Reflect  .   (no helmet)
rElec    +         Harm     .   (no cloak)
rCorr    .         Rampage  .   (no gloves)
MR       .....                  (no boots)
Stlth    ..........             (no amulet)
HPRegen  0.10/turn              m - ring of magical power
MPRegen  0.15/turn              p - ring of protection from cold

@: mighty
A: negative energy resistance 1, electricity resistance, unbreathing,
petrification resistance, rot immunity, AC +4
a: no special abilities


You were on level 4 of the Dungeon.
You visited 1 branch of the dungeon, and saw 4 of its levels.

You collected 92 gold pieces.

Inventory:

Hand Weapons
 b - a +0 mace
 h - a +0 flail
 j - a +0 dagger of venom
 n - a +0 quarterstaff (weapon)
Missiles
 f - 15 poisoned darts (quivered)
 k - 2 boomerangs
Armour
 a - a +0 robe
 e - a +0 leather armour
 i - a +0 scale mail (worn)
Jewellery
 m - a ring of magical power (left hand)
 p - a ring of protection from cold (right hand)
Scrolls
 c - a scroll of identify {@r1}
Potions
 d - a potion of might {@q3 !q}
 l - 2 potions of stabbing {@q5 !q}


   Skills:
 + Level 2.6 Fighting
 * Level 3.6 Maces & Flails
 - Level 1.5 Dodging
 - Level 2.1 Stealth
 - Level 2.0 Spellcasting
 - Level 1.1 Conjurations
 - Level 2.4 Air Magic


You had 7 spell levels left.
You knew the following spells:

 Your Spells              Type           Power        Failure   Level
a - Shock                 Conj/Air       #...         54%         1

Your spell library contained the following spells:

 Spells                   Type           Power        Failure   Level
 Swiftness                Air            #.......     58%         2
 Static Discharge         Conj/Air       #.......     88%         3
 Airstrike                Air            #.........   99%         4
 Lightning Bolt           Conj/Air       #.........   100%        5


Dungeon Overview and Level Annotations

Branches:
Dungeon (4/15)
 Temple: D:4-7

Altars:


Innate Abilities, Weirdness & Mutations

You are resistant to torment.
Your stone body is resilient. (AC +4)
You are immune to poison.
You resist negative energy. (rN+)
You are resistant to electric shocks. (rElec)
You can survive without breathing.
You are immune to petrification.
You are immune to rotting.


Message History

You barely miss the hound.
The hound bites you but does no damage. x2
Really quaff
d - 2 potions of might {@q3 !q}?
You feel very mighty all of a sudden. The hound closely misses you.
The hound bites you but does no damage.
You sock the hound!
The hound is heavily wounded.
The hound bites you but does no damage.
You hit the hound.
The hound is severely wounded.
The hound bites you but does no damage. The hound misses you.
You hit the hound.
The hound is almost dead.
The hound bites you but does no damage. x2
You miss the hound.
The hound is almost dead.
The hound barely misses you. The hound bites you.
You closely miss the hound.
The hound is almost dead.
The hound bites you but does no damage. x2
You completely miss the hound.
The hound is almost dead.
The hound closely misses you. The hound barely misses you.
You barely miss the hound.
The hound is almost dead.
The hound closely misses you.
You barely miss the hound.
The hound is almost dead.
The hound completely misses you. The hound bites you.
You closely miss the hound.
The hound is almost dead.
The hound barely misses you. x2
You closely miss the hound.
The hound is almost dead.
The hound misses you. The hound bites you.
You barely miss the hound.
The hound is almost dead.
The hound barely misses you. The hound bites you but does no damage.
You closely miss the hound.
The hound is almost dead.
The hound misses you.
You closely miss the hound.
The hound is almost dead.
The hound closely misses you. x2
You miss the hound.
The hound is almost dead.
The hound bites you but does no damage. x2
You closely miss the hound.
The hound is almost dead.
The hound bites you. The hound barely misses you.
You are too injured to fight recklessly!
You are too injured to fight recklessly!
You are too injured to fight recklessly!
You are too injured to fight recklessly!
You are too injured to fight recklessly!
You are too injured to fight recklessly!
You are too injured to fight recklessly!
You are too injured to fight recklessly!
You are too injured to fight recklessly!
You are too injured to fight recklessly!
You are too injured to fight recklessly!
You barely miss the hound.
The hound is almost dead.
The hound bites you but does no damage. x2
You thump the hound!
You kill the hound!
You closely miss the leopard gecko.
The leopard gecko bites you but does no damage.
You closely miss the leopard gecko. The leopard gecko closely misses you.
The leopard gecko barely misses you.
You hit the leopard gecko.
You kill the leopard gecko!
You completely miss the gnoll. The gnoll hits you with a +0 whip.
The gnoll hits you from afar with a +0 spear.
The gnoll hits you but does no damage. The gnoll barely misses you.
You thump the gnoll!
The gnoll is severely wounded.
The gnoll hits you with a +0 whip. The gnoll hits you but does no damage.
You sock the gnoll!
You kill the gnoll!
The gnoll hits you from afar with a +0 spear.
* * * LOW HITPOINT WARNING * * *
The gnoll hits you but does no damage.
You see here a +0 whip.
You sock the gnoll!
The gnoll is heavily wounded.
The gnoll closely misses you.
You hit the gnoll.
The gnoll is almost dead.
The gnoll hits you but does no damage.
You barely miss the gnoll.
The gnoll is almost dead.
The gnoll barely misses you. The gnoll hits you but does no damage.
You sock the gnoll!
You kill the gnoll!
You have reached level 5!
The giant cockroach waves its antennae.
Your scale mail prevents you from hitting the gnoll.
The gnoll hits you but does no damage.
You closely miss the gnoll. The gnoll hits you with a +0 flail!
You die...

##.....#######..#
#.# ##Bg.##
#......# ##g##
##.##### #.# #.#
#.# #.# ######.##
#.# #........##
.#
#.##.?...Z#####
#....wBgg@.#
#....#####......#
....#.# #######
.......# ########


You could see a worm, 2 gnolls, a giant cockroach and a ball python skeleton.

Vanquished Creatures
  A hound (D:4)
  An orc priest (D:1)
  An adder (D:2)
  2 gnolls (D:4)
  A worm (D:3)
  A leopard gecko (D:4)
  5 orcs
  2 giant cockroaches (D:1)
  3 goblins
  A hobgoblin (D:2)
  2 jackals (D:1)
  3 bats
  2 frilled lizards
  3 rats (D:1)
28 creatures vanquished.

Notes
Turn   | Place    | Note
-------+----------+-------------------------------------------
     0 | D:1      | EnegeticOcto the Gargoyle Air Elementalist began the quest
                  | for the Orb.
     0 | D:1      | Reached XP level 1. HP: 10/10 MP: 3/3
   107 | D:1      | Reached skill level 1 in Maces & Flails
   140 | D:1      | Reached XP level 2. HP: 13/16 MP: 5/5
   202 | D:2      | Reached skill level 1 in Fighting
   237 | D:1      | Reached skill level 2 in Maces & Flails
   237 | D:1      | Reached XP level 3. HP: 11/21 MP: 0/6
   562 | D:2      | Reached skill level 2 in Fighting
   562 | D:2      | Reached XP level 4. HP: 21/26 MP: 7/7
   625 | D:3      | Reached skill level 3 in Maces & Flails
   728 | D:4      | Reached XP level 5. HP: 8/31 MP: 8/8
   731 | D:4      | Slain by a gnoll

Illustrated notes

Levels and vault maps discovered:
D:1:      tarquinn_simple_flora_water_a, layout_basic
D:2:      layout_rooms
D:3:      layout_basic, hangedman_decor_peaks_small, trog_book
D:4:      layout_loops_corners

Skill      XL: |  1  2  3  4 |
---------------+-------------+-----
Maces & Flails | 1 2 3 |  3.6
Fighting       | 1 2 |  2.6
Dodging        | |  1.5
Stealth        | |  2.1
Spellcasting   | |  2.0
Conjurations   | |  1.1
Air Magic      | |  2.4

Action                   |  1- 3 |  4- 6 || total
-------------------------+-------+-------++-------
Melee: Mace              |    27 |       ||    27
       Quarterstaff      |    16 |    54 ||    70
       Flail             |    15 |       ||    15
Throw: Dart              |    16 |       ||    16
 Cast: Shock             |    12 |       ||    12
  Use: Scroll            |       |     4 ||     4
       Potion            |       |     1 ||     1
 Stab: Sleeping          |     1 |       ||     1
Armor: Leather armour    |    10 |       ||    10
       Robe              |     3 |       ||     3
       Scale mail        |    31 |    34 ||    65
Dodge: Dodged            |    53 |    31 ||    84

Table legend: (Time is in decaauts)
 A = Elapsed time spent in this place.
 B = Non-inter-level travel time spent in this place.
 C = Inter-level travel time spent in this place.
 D = Time resting spent in this place.
 E = Time spent auto-exploring this place.
 F = Levels seen in this place.
 G = Mean time per level.
                   A        B        C        D        E       F      G
               +--------+--------+--------+--------+--------+-----+--------+
         Total |    813 |    789 |     24 |      0 |      0 |   4 |  203.2 |
       Dungeon |    813 |    789 |     24 |      0 |      0 |   4 |  203.2 |
               +--------+--------+--------+--------+--------+-----+--------+

Top non-repeatable levels by time:
     D:1: 506 daAuts
     D:2: 149 daAuts
     D:3: 82 daAuts
     D:4: 74 daAuts
